 Dungeon Crawl Stone Soup version 0.28-a0-909-g796cbd3a86 (webtiles) character file.

Game seed: 6253986856007604085

1636 bearlyready the Cleaver (level 8, -6/68 HPs)
             Began as a Hill Orc Gladiator on Nov 25, 2021.
             Was a Follower of Uskayaw.
             Mangled by Harold (20 damage)
             ... on level 6 of the Dungeon.
             The game lasted 00:09:03 (7937 turns).

bearlyready the Cleaver (Hill Orc Gladiator)        Turns: 7937, Time: 00:09:03

Health: -6/68      AC:  9    Str: 19    XL:     8   Next: 98%
Magic:  1/10       EV: 11    Int:  8    God:    Uskayaw [*.....]
Gold:   110        SH:  9    Dex: 12    Spells: 7/7 levels left

rFire   . . .      SeeInvis .   B - +0 broad axe
rCold   . . .      Faith    .   G - +0 buckler
rNeg    . . .      Spirit   .   m - +0 ring mail
rPois   .          Reflect  +   r - +2 helmet
rElec   .          Harm     .   (no cloak)
rCorr   .          Rampage  .   (no gloves)
Will    .....                   w - +0 pair of boots
Stlth   +.........              z - amulet of reflection
HPRegen 0.21/turn               (no ring)
MPRegen 0.12/turn               (no ring)

@: no status effects
A: no striking features
a: Renounce Religion, Convert to Beogh, Stomp


You were on level 6 of the Dungeon.
You worshipped Uskayaw.
Uskayaw was noncommittal.
You visited 2 branches of the dungeon, and saw 8 of its levels.

You collected 170 gold pieces.
You spent 60 gold pieces at shops.

Inventory:

Hand Weapons
 a - a +0 war axe
 h - a +2 dagger of holy wrath
 B - a +0 broad axe (weapon)
Missiles
 A - 2 boomerangs (quivered)
Armour
 b - a +0 leather armour
 c - a +0 helmet
 m - a +0 ring mail (worn)
 r - a +2 helmet (worn)
 w - a +0 pair of boots (worn)
 E - a +0 tower shield
 G - a +0 buckler (worn)
Jewellery
 z - an amulet of reflection (around neck)
Wands
 t - a wand of iceblast (2)
 C - a wand of digging (4)
Scrolls
 e - a scroll of noise {unknown}
 f - 3 scrolls of identify {unknown}
 g - 3 scrolls of magic mapping {unknown}
 i - 2 scrolls of enchant armour {unknown}
 j - a scroll of enchant weapon {unknown}
 o - 5 scrolls of teleportation
 p - a scroll of fog {unknown}
 u - a scroll of summoning {unknown}
 y - a scroll of brand weapon {unknown}
Potions
 d - a potion of mutation {unknown}
 k - 2 potions of curing
 l - a potion of invisibility {unknown}
 n - a potion of degeneration {unknown}
 q - 3 potions of brilliance {unknown}
 s - 2 potions of haste {unknown}
 D - a potion of cancellation {unknown}


   Skills:
 + Level 5.3 Fighting
 + Level 10.9 Axes
 + Level 3.6 Throwing
 - Level 2.4 Dodging
 + Level 2.2 Shields
 + Level 3.5 Invocations
 + Level 3.8 Evocations


You had 7 spell levels left.
You didn't know any spells.
Your spell library contained the following spells:

 Spells                   Type           Power      Damage    Failure   Level
 Magic Dart               Conj           0%         1d3       67%         1
 Slow                     Hex            0%         N/A       67%         1
 Searing Ray              Conj           0%         2d4       82%         2
 Confusing Touch          Hex            0%         N/A       96%         3
 Inner Flame              Hex/Fire       0%         N/A       96%         3
 Cause Fear               Hex            0%         N/A       100%        4
 Fulminant Prism          Conj/Hex       0%         3d6       100%        4
 Summon Ice Beast         Ice/Summ       0%         N/A       100%        4
 Summon Mana Viper        Hex/Summ       0%         N/A       100%        5
 Yara's Violent Unravell  Hex/Tmut       0%         3d3       100%        5
 Dragon Form              Tmut           0%         N/A       100%        7
 Monstrous Menagerie      Summ           0%         N/A       100%        7
 Discord                  Hex            0%         N/A       100%        8
 Dragon's Call            Summ           0%         N/A       100%        9


Dungeon Overview and Level Annotations

Branches:
Dungeon (7/15)             Temple (1/1) D:5

Altars:
Ashenzari
Cheibriados
Dithmenos
Elyvilon
Gozag
Hepliaklqana
Kikubaaqudgha
Makhleb
Nemelex Xobeh
Okawaru
Qazlal
Sif Muna
Trog
Uskayaw
Vehumet
Wu Jian
Xom
Yredelemnul
Zin
The Shining One

Shops:
D:3 **!

Annotations:
D:6 Harold


Message History

Aim: Harold, wielding a +0 dire flail, wearing a +1 chain mail of fire resistance and quivering 4 throwing nets (moderately wounded, unusually resistant)
The mass of ice explodes!
The iceblast engulfs Harold!
Harold partially resists.
Harold is heavily wounded.
You hear a shout! x3
Harold fires a harpoon shot at you. The harpoon shot hits you.
You are yanked forward by the harpoon shot.
Throw: throwing net
Press: ? - help, Q - select action, (/) - cycle Shift-Dir - straight line, f/p - Harold
Aim: Harold, wielding a +0 dire flail, wearing a +1 chain mail of fire resistance and quivering 4 throwing nets (heavily wounded, unusually resistant, 75% to hit)
You throw a throwing net. The throwing net closely misses Harold.
Harold hits you with a +0 dire flail.
You slash Harold!
Harold is severely wounded.
Harold barely misses you.
You hit Harold but do no damage.
Harold is severely wounded.
A kobold demonologist comes into view. It is wielding a +0 dagger.
Harold hits you with a +0 dire flail.
You stomp with the beat, sending a shockwave through the revellers around you!
Harold is severely wounded.
You can no longer pass through a line of other dancers.
The kobold demonologist shouts!
You hear a shout!
You block Harold's attack.
You can now pass through a line of other dancers.
Harold says, "Listen, it's nothing personal.
It's just a job."
Harold hits you with a +0 dire flail!
* * * LOW HITPOINT WARNING * * *
The kobold demonologist gestures wildly while chanting.
You climb upwards.
The ufetubus misses you.
The ufetubus hits you but does no damage.
You block the ufetubus's attack. The ufetubus closely misses you.
There is a stone staircase leading down here.
You stomp with the beat, sending a shockwave through the revellers around you!
Harold is almost dead.
The ufetubus is almost dead.
You can no longer pass through a line of other dancers.
The ufetubus closely misses you. You block the ufetubus's attack.
Harold hits you with a +0 dire flail!!
You die...

#########.# #.........#
#.#######.# #.# #.# #.# #.#
#.# #.# #.# #.#
##################.#######.#
...............5@@.....c...#
##################o#########
#...o.5.c.......#
######.########.#(.#.#
#...........# #.#..#.#
#....o......# #.####.#
#...........# #......#
#...........# ########
#...........#


You could see Harold (resistant), a centaur, an orc priest and an ufetubus.

Vanquished Creatures
  Sigmund (D:4)
  A black bear (D:4)
  An ogre (D:5)
  A necrophage (D:6)
  A centaur (D:7)
  2 kobold brigands
  3 scorpions
  A killer bee (D:6)
  5 wights (D:6)
  A howler monkey (D:5)
  2 hounds
  4 orc priests
  A bullfrog skeleton (D:5)
  A jelly (D:5)
  2 centaur skeletons (D:6)
  2 iguanas
  4 gnolls (D:5)
  6 adders
  2 worms
  2 dart slugs
  18 orcs
  5 bats
  2 endoplasms (D:1)
  2 giant cockroaches
  11 hobgoblins
  7 jackals
  12 kobolds
  4 quokkas
  5 ball pythons
  5 frilled lizards
  7 goblins
  6 rats
127 creatures vanquished.

Vanquished Creatures (others)
  3 plants (D:1)
3 creatures vanquished.

Grand Total: 130 creatures vanquished

Notes
Turn   | Place    | Note
-------+----------+-------------------------------------------
     0 | D:1      | bearlyready the Hill Orc Gladiator began the quest for the
                  | Orb.
     0 | D:1      | Reached XP level 1. HP: 18/18 MP: 1/1
   221 | D:1      | Reached XP level 2. HP: 20/25 MP: 2/2
   440 | D:1      | Reached skill level 5 in Axes
   726 | D:1      | Reached XP level 3. HP: 27/30 MP: 3/3
   975 | D:1      | Found a faded altar of an unknown god.
  1169 | D:2      | Reached skill level 6 in Axes
  1473 | D:2      | Reached XP level 4. HP: 26/37 MP: 4/4
  2280 | D:3      | Found Gaxoarch's Distillery.
  2498 | D:3      | Found Qibahaal's General Store.
  2504 | D:3      | Bought a potion of curing for 30 gold pieces
  2614 | D:3      | Reached skill level 7 in Axes
  3118 | D:3      | Found Ucam's General Store.
  3127 | D:3      | Bought a scroll of teleportation for 30 gold pieces
  3290 | D:4      | Noticed Sigmund
  3548 | D:4      | Reached XP level 5. HP: 26/42 MP: 5/5
  3739 | D:4      | Reached skill level 8 in Axes
  4344 | D:4      | Killed Sigmund
  4345 | D:4      | Reached skill level 9 in Axes
  4345 | D:4      | Reached XP level 6. HP: 34/50 MP: 6/6
  4586 | D:4      | Identified the +5 flail "Dragon's Tongue" {vorpal, Fly rN+
                  | Will-}
  4837 | D:4      | Noticed a black bear
  4854 | D:4      | Killed a black bear
  4855 | D:4      | Reached skill level 1 in Evocations
  4855 | D:4      | Reached XP level 7. HP: 56/56 MP: 7/7
  5232 | D:5      | Entered Level 5 of the Dungeon
  5255 | D:5      | Reached skill level 10 in Axes
  6405 | D:5      | Found a staircase to the Ecumenical Temple.
  6468 | Temple   | Entered the Ecumenical Temple
  6629 | Temple   | Became a worshipper of Uskayaw the Reveller
  6692 | D:5      | Reached * piety under Uskayaw
  6694 | D:5      | Reached skill level 1 in Invocations
  6694 | D:5      | Reached XP level 8. HP: 55/66 MP: 8/8
  6852 | D:5      | Found a white marble altar of Elyvilon.
  6953 | D:5      | Reached ** piety under Uskayaw
  6957 | D:5      | Reached *** piety under Uskayaw
  7084 | D:5      | Found a broken altar of Ashenzari.
  7087 | D:5      | Found a glowing silver altar of Zin.
  7099 | D:5      | Found a burning altar of Makhleb.
  7475 | D:6      | Identified the +9 dagger of Ycuff {freeze, Int+7 Dex+4}
  7482 | D:6      | Reached **** piety under Uskayaw
  7485 | D:6      | Reached skill level 1 in Shields
  7638 | D:6      | Reached skill level 5 in Fighting
  7914 | D:7      | Noticed Harold
  7933 | D:7      | Noticed a kobold demonologist
  7936 | D:7      | Noticed a soul eater
  7937 | D:6      | Mangled by Harold

Illustrated notes

Levels and vault maps discovered:
D:1:      giann_bridges, layout_loops_cross,
          dreamdust_ecumenical_altar_hidden_monk_grotto, grunt_decor_one_mirror,
          serial_bayou_pond_c, minmay_strange_pillars, minmay_tetromino_o2
D:2:      layout_rooms, chequers_serial_rivers_micro_a, minmay_diced_spiral
D:3:      layout_loops_corners, serial_shops, nicolae_shop_advertising_works
          [nicolae_subvault_shop_adworks], shop, shop
D:4:      layout_gridville, sigmund_army
D:5:      nicolae_cairo_tiling_large_dashed, layout_gridville,
          grunt_temple_overflow_cloverleaf
D:6:      layout_basic, hangedman_minor_gate_pass
D:7:      layout_rooms, enter_ossuary_3, minmay_between, uniq_harold
Temple:   nicolae_temple_elliptical

Skill      XL: |  1  2  3  4  5  6  7  8 |
---------------+-------------------------+-----
Axes           | 5 6 7 9 10 | 10.9
Evocations     | 1 2 3 |  3.8
Fighting       | 4 5 |  5.3
Throwing       | 2 3 |  3.6
Invocations    | 1 3 |  3.5
Shields        | 2 |  2.2
Dodging        | |  2.4

Action                   |  1- 3 |  4- 6 |  7- 9 || total
-------------------------+-------+-------+-------++-------
Melee: War axe           |   138 |   137 |    69 ||   344
       Broad axe         |       |       |    78 ||    78
Throw: Throwing net      |       |     6 |     4 ||    10
       Dart              |       |       |     8 ||     8
Invok: Stomp             |       |       |     2 ||     2
       Line Pass         |       |       |     1 ||     1
Evoke: Wand              |       |       |     3 ||     3
  Use: Potion            |       |       |     1 ||     1
 Stab: Held in net/web   |       |     1 |     1 ||     2
       Paralysed         |       |       |     5 ||     5
Armor: Leather armour    |    43 |     4 |       ||    47
       Ring mail         |       |    13 |    64 ||    77
Dodge: Dodged            |   131 |    85 |   101 ||   317
Block: Other             |       |       |     5 ||     5
       Buckler           |       |       |    31 ||    31
       Reflection        |       |       |     1 ||     1

Table legend: (Time is in decaauts)
 A = Elapsed time spent in this place.
 B = Non-inter-level travel time spent in this place.
 C = Inter-level travel time spent in this place.
 D = Time resting spent in this place.
 E = Time spent auto-exploring this place.
 F = Levels seen in this place.
 G = Mean time per level.
                   A        B        C        D        E       F      G
               +--------+--------+--------+--------+--------+-----+--------+
         Total |   8009 |   7691 |    318 |   1068 |   5405 |   8 | 1001.1 |
       Dungeon |   7812 |   7528 |    284 |   1068 |   5277 |   7 | 1116.0 |
        Temple |    196 |    162 |     34 |      0 |    128 |   1 |  196.0 |
               +--------+--------+--------+--------+--------+-----+--------+

Top non-repeatable levels by time:
     D:4: 1915 daAuts
     D:3: 1592 daAuts
     D:5: 1429 daAuts
     D:1: 1342 daAuts
     D:2: 891 daAuts
     D:6: 620 daAuts
  Temple: 196 daAuts
     D:7: 22 daAuts
